 Dungeon Crawl Stone Soup version 0.20-a0-1116-gaa52201 (webtiles) character file.

996 FastMan the Cleaver (level 7, -3/64 HPs)
             Began as a Minotaur Fighter on May 7, 2017.
             Was an Initiate of Makhleb.
             Slain by an ogre
             ... wielding a +0 giant spiked club
              (28 damage)
             ... on level 6 of the Dungeon.
             The game lasted 00:03:22 (3243 turns).

FastMan the Cleaver (Minotaur Fighter)              Turns: 3243, Time: 00:03:22

Health: -3/64      AC:  8    Str: 23    XL:     7   Next: 99%
Magic:  6/6        EV:  8    Int:  5    God:    Makhleb [......]
Gold:   314        SH: 14    Dex:  9    Spells: 6/6 levels left

rFire    . . .     SeeInvis +   a - +0 war axe
rCold    . . .     Gourm    .   c - +1 shield
rNeg     . . .     Faith    .   L - +0 scale mail
rPois    .         Spirit   .   (helmet restricted)
rElec    .         Reflect  +   F - scarf {repulsion}
rCorr    .         Harm     .   s - +0 pair of gloves
MR       +....                  (no boots)
Stlth    ..........             u - +3 amulet of reflection
Regen    0.2/turn               r - ring of see invisible
MPRegen  0.1/turn               D - ring of protection from magic

@: repel missiles
A: retaliatory headbutt, horns 2
a: Renounce Religion


You were on level 6 of the Dungeon.
You worshipped Makhleb.
Makhleb was noncommittal.
You were not hungry.

You visited 2 branches of the dungeon, and saw 7 of its levels.

You collected 314 gold pieces.

Inventory:

Hand Weapons
 a - a +0 war axe (weapon)
 b - a +0 flail
Armour
 c - a +1 shield (worn)
 s - a +0 pair of gloves (worn)
 F - a scarf of repulsion (worn)
 L - a +0 scale mail (worn)
Jewellery
 n - a +4 amulet of reflection
 r - a ring of see invisible (left hand)
 u - a +3 amulet of reflection (around neck)
 D - a ring of protection from magic (right hand)
Scrolls
 e - 7 scrolls of teleportation {@r3}
 h - a scroll of enchant armour
 k - 3 scrolls of remove curse {@r2}
 l - 2 scrolls of immolation {unknown}
 p - a scroll of fog {unknown}
 v - a scroll of noise {unknown}
 y - 3 scrolls of magic mapping {unknown}
 B - a scroll of enchant weapon {unknown}
 C - a scroll of random uselessness {unknown}
 G - 3 scrolls of fear
 J - a scroll of recharging {unknown}
 K - a scroll of acquirement {unknown}
 M - a scroll of identify {@r1}
Potions
 d - 2 potions of might {@q4}
 j - 2 potions of haste {@q3}
 m - a potion of cancellation
 o - 3 potions of heal wounds {@q2}
 q - 3 potions of invisibility
 t - a potion of ambrosia
 w - a potion of brilliance {unknown}
 x - 2 potions of mutation {unknown}
 z - 3 potions of curing {unknown}
 A - a potion of flight
 H - a potion of agility {unknown}
 I - a potion of resistance {unknown}
Comestibles
 f - 3 bread rations {@e1}
 g - 2 royal jellies {@e3}
 i - a meat ration {@e2}
 E - 8 chunks of flesh


   Skills:
 + Level 6.3 Fighting
 * Level 8.2 Axes
 - Level 3.6 Armour
 + Level 6.7 Shields


You had 6 spell levels left.
You didn't know any spells.

Dungeon Overview and Level Annotations

Branches:
Dungeon (6/15)             Temple (1/1) D:5

Altars:
Ashenzari
Elyvilon
Fedhas
Hepliaklqana
Kikubaaqudgha
Makhleb
Okawaru
Qazlal
Ru
Sif Muna
Trog
Uskayaw
Vehumet
Wu Jian
Xom
Yredelemnul
Zin
The Shining One


Innate Abilities, Weirdness & Mutations

You reflexively headbutt those who attack you in melee.
You have a pair of horns on your head.


Message History

There are monsters nearby!
You slash the worker ant zombie!
You destroy the worker ant zombie!
Makhleb accepts your kill.
The ogre hits you with a giant spiked club!!
An ogre is nearby!
You hit the ogre.
The ogre is lightly wounded.
You slash the ogre!
The ogre is severely wounded.
The ogre hits you with a giant spiked club!
You hit the ogre.
The ogre is severely wounded.
The ogre hits you with a giant spiked club!
You are too injured to fight recklessly!
You are too injured to fight recklessly!
You barely miss the ogre.
The ogre is severely wounded.
The ogre hits you with a giant spiked club!!
You die...

####### #########
#.....###.......#
#.###.##..#####.#
#.#..@..#.##..
#.#.#.O###..
#.#.#.#.#.#####.
#.....##........
###.############
#.##### ####.#
#(....# #.....
#####.# # #.##.#
#.# .. #.....


You could see an ogre.

Vanquished Creatures
  An ice beast (D:5)
  A centaur (D:6)
  A bullfrog (D:6)
  2 scorpions
  2 howler monkeys (D:4)
  A bullfrog zombie (D:5)
  2 hounds (D:4)
  6 orc wizards
  An orc priest (D:5)
  An iguana (D:5)
  A worker ant (D:4)
  A hound skeleton (D:6)
  A worker ant zombie (D:6)
  5 adders
  A shadow imp (D:6)
  3 oozes
  3 worms (D:2)
  A dart slug (D:2)
  7 leopard geckos
  23 orcs
  8 giant cockroaches
  7 goblins
  7 hobgoblins
  21 jackals
  3 kobolds
  A quokka (D:6)
  A ball python (D:1)
  8 bats
  7 frilled lizards
  A leopard gecko skeleton (D:5)
  7 rats
135 creatures vanquished.

Notes
Turn   | Place    | Note
-------+----------+-------------------------------------------
     0 | D:1      | FastMan the Minotaur Fighter began the quest for the Orb.
     0 | D:1      | Reached XP level 1. HP: 19/19 MP: 0/0
    42 | D:1      | Reached XP level 2. HP: 24/27 MP: 1/1
    58 | D:1      | Reached skill level 3 in Axes
   205 | D:1      | Reached XP level 3. HP: 22/33 MP: 2/2
   407 | D:2      | Reached skill level 4 in Axes
   407 | D:2      | Reached XP level 4. HP: 20/41 MP: 3/3
  1031 | D:3      | Reached XP level 5. HP: 45/47 MP: 4/4
  1036 | D:3      | Reached skill level 5 in Axes
  1188 | D:4      | Got a twisted ring mail
  1199 | D:4      | Identified the cursed +0 ring mail "Qiag" {rF+ rN+} (You found it on level 4 of the Dungeon)
  1213 | D:4      | Reached skill level 5 in Shields
  1737 | D:4      | Reached XP level 6. HP: 55/55 MP: 5/5
  1868 | D:4      | Reached skill level 5 in Fighting
  1868 | D:4      | Reached skill level 6 in Axes
  2120 | D:5      | Entered Level 5 of the Dungeon
  2154 | D:5      | Reached XP level 7. HP: 60/61 MP: 6/6
  2292 | D:5      | Reached skill level 7 in Axes
  2409 | D:5      | Found a staircase to the Ecumenical Temple.
  2450 | Temple   | Entered the Ecumenical Temple
  2468 | Temple   | Became a worshipper of Makhleb the Destroyer
  2585 | D:5      | Found a glowing golden altar of the Shining One.
  2590 | D:5      | Found a sacrificial altar of Ru.
  2595 | D:5      | Found a glowing silver altar of Zin.
  3128 | D:6      | Reached skill level 8 in Axes
  3243 | D:6      | Slain by an ogre

Vault maps used:
D:1:      dpeg_arrival_rhombus, kennysheep_decorative_pillar
D:3:      kennysheep_generic_room_9
D:4:      minivault_27
D:5:      grunt_dithmenos_shadows, minmay_overflow_temple_star_quad,
          minmay_temple_entry_glassed_door, first_bread
D:6:      nicolae_overflow_crystal_walls
Temple:   minmay_freezing_vapour_temple

Skill      XL: |  1  2  3  4  5  6  7 |
---------------+----------------------+-----
Fighting       | 4 5 6 |  6.3
Axes           | 3 4 5 6 8 |  8.2
Shields        | 4 5 6 |  6.7
Armour         | |  3.6

Action                   |  1- 3 |  4- 6 |  7- 9 || total
-------------------------+-------+-------+-------++-------
Melee: War axe           |    85 |   195 |    87 ||   367
       Headbutt          |    13 |    19 |    18 ||    50
  Use: Scroll            |       |       |    11 ||    11
  Eat: Chunk             |       |     5 |     3 ||     8
Armor: Scale mail        |    45 |    52 |    18 ||   115
       Ring mail         |       |    47 |     5 ||    52
Dodge: Dodged            |    22 |    52 |    19 ||    93
Block: Shield            |    46 |    98 |    60 ||   204
